Construct Section Command Post
Selects Canadian Shock Battlegroup
Selects Offensive Resupply
Selects Canadian Shock Section
Construct Platoon Command Post
Construct Field Infirmary
Construct Field Infirmary
6-pounder Anti-tank Gun Team
Selects Incendiary Munitions
Construct Company Command Post
Selects Churchill Crocodile Heavy Tank
Churchill Crocodile Heavy Tank
Unlock M3 Grant Medium Tanks
Unlock Towed 17-pounder Anti-tank Guns
17-pounder Anti-tank Gun Team
17-pounder Anti-tank Gun Team
17-pounder Anti-tank Gun Team